 Dungeon Crawl Stone Soup version 0.21-a0-91-ga5031da (webtiles) character file.

247 Lavandula the Bolt Thrower (level 5, -17/37 HPs)
             Began as a Mummy Arcane Marksman on June 29, 2017.
             Killed from afar by Ijyb (18 damage)
             ... with a wand of acid (?/15)
             ... on level 3 of the Dungeon.
             The game lasted 00:12:27 (2364 turns).

Lavandula the Bolt Thrower (Mummy Arcane Marksman)  Turns: 2364, Time: 00:12:28

Health: -17/37     AC:  6    Str: 13    XL:     5   Next: 85%
Magic:  7/7        EV: 12    Int: 13    God:
Gold:   105        SH:  0    Dex: 13    Spells: 4/7 levels left

rFire    . . .     SeeInvis .   a - +0 hand crossbow
rCold    + + .     Gourm    .   (no shield)
rNeg     + + +     Faith    .   l - +0 leather armour
rPois    ∞         Spirit   .   j - +1 helmet
rElec    .         Reflect  .   p - scarf {rC+ rF+}
rCorr    .         Harm     .   (no gloves)
MR       .....                  h - +0 pair of boots
Stlth    +.........             (no amulet)
HPRegen  0.12/turn              (no ring)
MPRegen  0.10/turn              (no ring)

@: no status effects
A: no food or potions, fire vulnerability, cold resistance 1, negative energy
resistance 3, torment resistance, unbreathing
a: no special abilities


You were on level 3 of the Dungeon.
You were not hungry.

You visited 1 branch of the dungeon, and saw 4 of its levels.
You also visited: Sewer.

You collected 105 gold pieces.

Inventory:

Hand Weapons
 a - a +0 hand crossbow (weapon)
 i - a +0 dagger
Missiles
 d - 6 bolts (quivered)
Armour
 e - a +0 robe
 h - a +0 pair of boots (worn)
 j - a +1 helmet (worn)
 l - a +0 leather armour (worn)
 p - a scarf of resistance (worn)
Scrolls
 b - a scroll of magic mapping
 f - a scroll of identify
 g - 3 scrolls of blinking
 k - a scroll of fear {unknown}
 m - a scroll of teleportation
 n - 2 scrolls of recharging {unknown}
 o - a scroll of fog {unknown}
 q - a scroll of remove curse {unknown}
Books
 c - a book of Debilitation

   Spells                             Type                      Level
   a - Corona                         Hexes                        1
   b - Slow                           Hexes                        2
   c - Inner Flame                    Hexes/Fire                   3
   d - Portal Projectile              Hexes/Translocation          3
   e - Cause Fear                     Hexes                        4
   f - Leda's Liquefaction            Hexes/Earth                  4


   Skills:
 - Level 1.4 Fighting
 + Level 4.5 Crossbows
 - Level 0.2 Armour
 - Level 1.8 Dodging
 - Level 1.7 Spellcasting
 - Level 3.2 Hexes


You had 4 spell levels left.
You knew the following spells:

 Your Spells              Type           Power        Failure   Level  Hunger
a - Corona                Hex            #......      9%          1    N/A
b - Slow                  Hex            #.......     13%         2    N/A

Dungeon Overview and Level Annotations

Branches:
Dungeon (4/15)
 Temple: D:4-7

Altars:
Fedhas
Sif Muna

Annotations:
D:3 Ijyb


Innate Abilities, Weirdness & Mutations

You do not eat or drink.
Your flesh is vulnerable to fire.
You are immune to poison.
Your flesh is cold resistant. (rC+)
You are immune to negative energy. (rN+++)
You are immune to unholy pain and torment.
You can survive without breathing.


Message History

You shoot a bolt. The bolt barely misses Ijyb.
Ijyb hits you but does no damage.
Firing (i - inventory):
d - 9 bolts (quivered)
Press: ? - help, Shift-Dir - straight line, f/p - Ijyb
Aim: Ijyb, wielding a club, wearing a scale mail and carrying a wand of acid (?/15) {zapped: 5} (severely wounded)
You shoot a bolt. The bolt barely misses Ijyb.
Ijyb hits you with a club.
* * * LOW HITPOINT WARNING * * *
Firing (i - inventory):
d - 8 bolts (quivered)
Press: ? - help, Shift-Dir - straight line, f/p - Ijyb
Aim: Ijyb, wielding a club, wearing a scale mail and carrying a wand of acid (?/15) {zapped: 5} (severely wounded)
You shoot a bolt. The bolt hits Ijyb.
Ijyb is severely wounded.
Ijyb hits you with a club.
* * * LOW HITPOINT WARNING * * *
Firing (i - inventory):
d - 7 bolts (quivered)
Press: ? - help, Shift-Dir - straight line, f/p - Ijyb
Aim: Ijyb, wielding a club, wearing a scale mail and carrying a wand of acid (?/15) {zapped: 5} (severely wounded)
You shoot a bolt. The bolt closely misses Ijyb.
Ijyb zaps a wand.
The bolt of acid hits you!
You die...

#.#..#.#.#
#.#....#.#
##.#..###.#
#..#..# #.#
## ####..#
#.#
....###..#
#.#
........(#
#.#
###.####.##
#(..(.g@..#
#.#.#######
...#.# #.#
#g# ... #.#
### #.# #.#
#.


You could see Ijyb.

Vanquished Creatures
  2 bullfrogs (Sewer)
  2 adders (Sewer)
  3 river rats (Sewer)
  2 worms
  A leopard gecko (D:1)
  17 ball pythons (Sewer)
  2 giant cockroaches
  4 goblins
  6 hobgoblins
  3 jackals (D:2)
  2 bats
  A frilled lizard (D:2)
  5 kobolds
  24 rats
74 creatures vanquished.

Vanquished Creatures (others)
  A ball python (D:3)
1 creature vanquished.

Grand Total: 75 creatures vanquished

Notes
Turn   | Place    | Note
-------+----------+-------------------------------------------
     0 | D:1      | Lavandula the Mummy Arcane Marksman began the quest for the Orb.
     0 | D:1      | Reached XP level 1. HP: 15/15 MP: 2/2
   144 | D:1      | Reached XP level 2. HP: 21/21 MP: 2/4
   291 | D:2      | Reached skill level 2 in Crossbows
   484 | D:2      | Reached XP level 3. HP: 26/26 MP: 3/5
   832 | D:3      | Found a deep blue altar of Sif Muna.
   913 | D:3      | Found a blossoming altar of Fedhas.
  1009 | D:3      | Found a glowing drain.
  1019 | Sewer    | Entered a sewer
  1493 | Sewer    | Reached XP level 4. HP: 22/32 MP: 3/6
  1497 | Sewer    | Learned a level 2 spell: Slow
  1602 | Sewer    | Reached skill level 3 in Crossbows
  1713 | Sewer    | Noticed a bullfrog
  1720 | Sewer    | Noticed a bullfrog
  1733 | Sewer    | Killed a bullfrog
  1733 | Sewer    | Reached XP level 5. HP: 23/37 MP: 7/7
  1909 | Sewer    | Reached skill level 4 in Crossbows
  2346 | D:3      | Noticed Ijyb
  2363 | D:3      | HP: 1/37 [Ijyb/club (3)]
  2364 | D:3      | Killed from afar by Ijyb

Vault maps used:
D:1:      onia_arrival_mini_maze
D:2:      kennysheep_minor_cross, nicolae_ru_path_of_blood
D:3:      lemuel_blue_sif_altar, fedhas_altar_3, cheibrodos_sewer_entry_bend,
          uniq_crazy_yiuf_cottage, uniq_ijyb
Sewer:    sewer_minmay_w

Skill      XL: |  1  2  3  4  5 |
---------------+----------------+-----
Hexes          | 3 |  3.2
Crossbows      | 2 3 4 |  4.5
Fighting       | |  1.4
Armour         | |  0.2
Dodging        | |  1.8
Spellcasting   | |  1.7

Action                   |  1- 3 |  4- 6 || total
-------------------------+-------+-------++-------
Melee: Dagger            |     7 |    28 ||    35
 Fire: Hand crossbow     |    96 |    71 ||   167
 Cast: Corona            |    15 |     6 ||    21
  Use: Scroll            |     4 |     4 ||     8
Armor: Robe              |     4 |       ||     4
       Leather armour    |    19 |    38 ||    57
Dodge: Dodged            |    62 |    75 ||   137
